[ AOE2 MATCH · #507981332 ]
UnrankedTeutons vs Britons
Player's team · WIN
Rival team · LOSS
[ REPLAY ANALYSIS · EXTRACTED FROM THE RECORDED GAME ]
Feudal
8:58
Castle
—
Imperial
—
| APM avg | 45.9 |
| APM peak | 77 |
| eAPM avg | 24.0 |
| Villagers / military | 31 / 0 |
Focus
⚔️ 46.1% · 🌾 53.9%
Feudal
10:08
Castle
—
Imperial
—
| APM avg | 41.1 |
| APM peak | 59 |
| eAPM avg | 17.8 |
| Villagers / military | 31 / 0 |
Focus
⚔️ 14.6% · 🌾 85.4%
Match map
Initial resources + every placement click. Lines = walls · curves = elevation contours. ◆ gold · ⬟ stone · ● berries · ✦ relic · ◌ wall gap
Your base· ✓ Closed at 12:00 · 6t walls · 3 gate(s)
Boonii's base· ✓ Closed at 14:02 · 32t walls · 4 gate(s)
Smoothed initial terrain · ◌ = detected wall gap · hover for details
Inputs per minute
— FJL - - Boonii
Build order — FJL
62 actions detected in the replay
| 0:01 | Queue | Villager (Male) |
| 0:01 | Queue | Villager (Male) |
| 0:01 | Queue | Villager (Male) |
| 0:02 | Build | House |
| 0:03 | Build | House |
| 0:11 | Queue | Villager (Male) |
| 0:11 | Queue | Villager (Male) |
| 1:27 | Queue | Villager (Male) |
| 1:28 | Queue | Villager (Male) |
| 1:46 | Build | Lumber Camp |
| 1:56 | Queue | Villager (Male) |
| 2:25 | Queue | Villager (Male) |
| 2:49 | Queue | Villager (Male) |
| 3:12 | Queue | Villager (Male) |
| 3:25 | Build | House |
| 3:28 | Queue | Villager (Male) |
| 3:54 | Queue | Villager (Male) |
| 4:15 | Queue | Villager (Male) |
| 4:23 | Queue | Villager (Male) |
| 4:26 | Queue | Villager (Male) |
| 4:46 | Build | Mining Camp |
| 4:49 | Queue | Villager (Male) |
| 5:15 | Queue | Villager (Male) |
| 5:20 | Research | Loom |
| 6:48 | Research | Feudal Age |
| 6:48 | Research | Feudal Age |
| 8:58 | Age | Feudal Age |
| 9:00 | Build | Watch Tower |
| 9:00 | Queue | Villager (Male) |
| 9:04 | Build | Palisade Wall |
| 9:06 | Build | Palisade Wall |
| 9:07 | Build | Palisade Wall |
| 9:09 | Build | Palisade Wall |
| 9:10 | Build | House |
| 9:20 | Build | House |
| 9:27 | Queue | Villager (Male) |
| 10:20 | Build | Watch Tower |
| 10:20 | Queue | Villager (Male) |
| 10:25 | Build | House |
| 10:26 | Build | Palisade Wall |
| 10:28 | Build | Palisade Wall |
| 10:35 | Queue | Villager (Male) |
| 10:38 | Build | Palisade Wall |
| 10:48 | Build | House |
| 11:04 | Build | Watch Tower |
| 11:11 | Build | Blacksmith |
| 11:20 | Build | Watch Tower |
| 11:27 | Queue | Villager (Male) |
| 11:27 | Queue | Villager (Male) |
| 12:25 | Queue | Villager (Male) |
| 12:54 | Queue | Villager (Male) |
| 13:32 | Queue | Villager (Male) |
| 13:49 | Build | Watch Tower |
| 13:49 | Queue | Villager (Male) |
| 13:56 | Research | Fletching |
| 13:56 | Queue | Villager (Male) |
| 14:11 | Queue | Villager (Male) |
| 14:11 | Queue | Villager (Male) |
| 14:25 | Build | Palisade Wall |
| 14:25 | Build | Palisade Wall |
| 14:26 | Build | Palisade Wall |
| 14:27 | Build | Palisade Wall |
Build order — Boonii
53 actions detected in the replay
| 0:00 | Queue | Villager (Male) |
| 0:01 | Queue | Villager (Male) |
| 0:02 | Build | House |
| 0:03 | Build | House |
| 0:14 | Queue | Villager (Male) |
| 0:15 | Queue | Villager (Male) |
| 0:15 | Queue | Villager (Male) |
| 1:31 | Queue | Villager (Male) |
| 1:31 | Queue | Villager (Male) |
| 1:57 | Build | Lumber Camp |
| 2:01 | Queue | Villager (Male) |
| 2:01 | Queue | Villager (Male) |
| 2:01 | Queue | Villager (Male) |
| 2:31 | Queue | Villager (Male) |
| 2:31 | Queue | Villager (Male) |
| 3:03 | Queue | Villager (Male) |
| 3:03 | Queue | Villager (Male) |
| 3:25 | Build | Mill |
| 3:52 | Queue | Villager (Male) |
| 4:17 | Build | House |
| 4:20 | Queue | Villager (Male) |
| 4:29 | Queue | Villager (Male) |
| 4:29 | Queue | Villager (Male) |
| 4:55 | Queue | Villager (Male) |
| 4:55 | Queue | Villager (Male) |
| 5:07 | Build | House |
| 5:37 | Queue | Villager (Male) |
| 5:37 | Queue | Villager (Male) |
| 5:37 | Queue | Villager (Male) |
| 5:38 | Queue | Villager (Male) |
| 5:46 | Queue | Villager (Male) |
| 7:39 | Research | Feudal Age |
| 7:41 | Build | Mining Camp |
| 7:58 | Build | House |
| 8:24 | Build | Palisade Wall |
| 8:27 | Build | Palisade Wall |
| 8:38 | Build | Palisade Wall |
| 8:45 | Build | Palisade Wall |
| 10:08 | Age | Feudal Age |
| 10:17 | Queue | Villager (Male) |
| 10:17 | Queue | Villager (Male) |
| 10:21 | Research | Loom |
| 10:47 | Build | House |
| 10:55 | Build | House |
| 11:02 | Queue | Villager (Male) |
| 11:02 | Queue | Villager (Male) |
| 11:40 | Build | Market |
| 11:44 | Build | Blacksmith |
| 12:01 | Queue | Villager (Male) |
| 12:01 | Queue | Villager (Male) |
| 13:44 | Build | House |
| 13:48 | Build | Palisade Wall |
| 14:02 | Research | Castle Age |
Match timeline
| 8:24 | Boonii · wall_segment Palisade Wall x3 |
| 8:27 | Boonii · wall_segment Palisade Wall x10 |
| 8:38 | Boonii · wall_segment Palisade Wall x2 |
| 8:45 | Boonii · wall_segment Palisade Wall x8 |
| 8:58 | FJL · age_up feudal |
| 9:04 | FJL · wall_segment Palisade Wall x1 |
| 9:06 | FJL · wall_segment Palisade Wall x1 |
| 9:07 | FJL · wall_segment Palisade Wall x1 |
| 9:09 | FJL · wall_segment Palisade Wall x1 |
| 10:08 | Boonii · age_up feudal |
| 10:26 | FJL · wall_segment Palisade Wall x1 |
| 10:28 | FJL · wall_segment Palisade Wall x1 |
| 10:38 | FJL · wall_segment Palisade Wall x1 |
| 12:47 | Boonii · first_market_sell 100 stone |
| 12:49 | Boonii · first_market_buy 100 food |
| 13:48 | Boonii · wall_segment Palisade Wall x9 |
| 14:25 | FJL · wall_segment Palisade Wall x1 |
| 14:25 | FJL · wall_segment Palisade Wall x1 |
| 14:26 | FJL · wall_segment Palisade Wall x1 |
| 14:27 | FJL · wall_segment Palisade Wall x1 |
| 14:41 | Boonii · resign |
[ AI ANALYSIS · 1 CREDIT ]
What really happened in this match?
Wolo.gg analyzes every decision: build order, eco, micro, common mistakes by bracket. Personalized analysis on WhatsApp or Discord in 30 seconds.
Civ guide
Teutons
Perfil
Jugador #5150947